Map: Руины Сераса

Players

GoodGameRU

  • Race: Terran Terran

Loft - Winner!

  • Race: Zerg Zerg

VOD

Have the link to the VOD?

Description

Time

  • Played on: April 13, 2015, 12:08 p.m.
  • Length: 10:07
Show
View Real Time Build Order
Export as new Build Order

GoodGameRU Terran 

Build Orders: Reaper Expand, Hellion Banshee, MMM Bio 

Get SALT Encoding   

  12  0:01  SCV  
  13  0:13  SCV  
  14  0:18  Supply Depot  
  14  0:25  SCV  
  15  0:39  SCV  
  15  0:42  Barracks  
  16  0:46  Refinery  
  16  0:54  SCV  
  17  1:08  SCV  
  18  1:20  SCV  
  19  1:30  Reaper  
  21  1:34  Orbital Command  
  20  1:45  Command Center  
  20  2:00  SCV  
  21  2:02  Supply Depot  
  21  2:12  SCV  
  22  2:16  Factory  
  22  2:26  Barracks Reactor  
  22  2:27  SCV  
  23  2:42  SCV  
  24  2:49  Command Center  
  24  3:00  Orbital Command  
  24  3:01  SCV  
  25  3:07  Starport  
  25  3:15  Hellion  
  25  3:16  Hellion, Barracks Tech Lab  
  25  3:18  Refinery  
  29  3:23  SCV  
  30  3:40  Hellion x2  
  33  3:43  SCV x2  
  35  3:51  Banshee  
  38  3:58  SCV  
  38  3:59  SCV  
  38  4:01  Hellion x2  
  44  4:02  Orbital Command  
  44  4:15  SCV  
  44  4:16  SCV, Armory  
  50  4:24  Hellion x2  
  50  4:28  SCV x2  
  52  4:34  Orbital Command  
  50  4:39  Banshee  
  50  4:40  SCV x2  
  50  4:45  Hellion  
  57  4:49  Hellion, Cloaking Field  
  57  4:52  SCV, Barracks Tech Lab  
  60  4:55  SCV  
  60  4:56  Barracks  
  60  4:57  Barracks  
  61  5:19  Stimpack  
  61  5:24  Barracks  
  61  5:25  SCV x3, Marine  
  61  5:26  Barracks  
  61  5:28  Supply Depot  
  65  5:31  Widow Mine x2  
  65  5:33  Supply Depot  
  69  5:55  Barracks Reactor  
  65  5:57  Barracks Reactor  
  54  6:05  Banshee, Hellbat x2  
  54  6:06  Marine  
  54  6:08  SCV x2  
  54  6:11  SCV, Engineering Bay  
  59  6:12  Engineering Bay  
  59  6:20  SCV  
  57  6:35  Marauder, Marine x5, Hellbat x2  
  64  6:44  Marine  
  64  6:46  SCV x2  
  66  6:47  Orbital Command  
  66  6:53  Marine  
  63  6:59  Hellion  
  63  7:00  Marine x3  
  60  7:03  SCV x2  
  54  7:14  SCV  
  54  7:15  Terran Infantry Weapons Level 1, SCV x2  
  57  7:16  Terran Infantry Armor Level 1  
  57  7:22  Combat Shields  
  57  7:24  Hellbat x2  
  57  7:25  Medivac  
  57  7:26  SCV, Marine  
  57  7:27  SCV x2, Marine  
  68  7:38  SCV  
  68  7:39  SCV  
  70  7:48  Marauder, Marine x2  
  70  7:49  Hellbat x2  
  78  8:00  Marine  
  78  8:01  Marine x3  
  78  8:02  Medivac  
  69  8:05  Marine  
  69  8:06  Marine  
  69  8:09  Marauder  
  69  8:10  SCV x3  
  68  8:13  Refinery x2  
  68  8:22  SCV  
  68  8:25  Barracks Tech Lab  
  69  8:27  Hellbat x2  
  69  8:28  Marine x3  
  69  8:31  Marauder  
  69  8:32  Medivac  
  69  8:33  Barracks Tech Lab  
  80  8:39  SCV x2  
  80  8:40  Concussive Shells  
  82  8:43  SCV  
  82  8:46  Marauder  
  85  8:54  Supply Depot  
  85  8:58  Supply Depot  
  85  9:07  Marine  
  85  9:10  SCV  
  85  9:15  Marine x4  
  85  9:16  SCV x2, Marauder  
  93  9:19  Medivac, Widow Mine x2  
  93  9:22  SCV  
  98  9:25  Marine  
  98  9:27  Marauder  
  101  9:49  Supply Depot  
  101  9:50  Supply Depot x2  
  101  9:53  SCV x3  
Show
View Real Time Build Order
Export as new Build Order

Loft Zerg - Winner!

Build Orders: Hatch First, Lurkers 

Get SALT Encoding   

  12  0:09  Drone  
  13  0:15  Drone  
  14  0:27  Overlord  
  14  0:30  Extractor  
  14  0:31  Drone x2, Extractor  
  16  0:47  Drone  
  17  0:52  Drone  
  18  1:05  Hatchery  
  18  1:06  Drone  
  18  1:08  Extractor  
  17  1:17  Drone  
  18  1:21  Spawning Pool  
  17  1:32  Drone  
  18  1:36  Drone  
  19  1:47  Drone  
  20  2:01  Hatchery  
  19  2:08  Queen  
  19  2:11  Metabolic Boost  
  19  2:12  Zergling x2  
  22  2:21  Queen  
  24  2:28  Overlord  
  24  2:35  Drone x2  
  26  2:41  Drone  
  26  2:42  Drone  
  28  2:51  Drone x4  
  32  2:58  Queen  
  34  3:15  Overlord  
  34  3:16  Zergling x6  
  34  3:17  Drone, Queen  
  40  3:38  Drone  
  40  3:39  Drone x8  
  48  3:51  Overlord x2  
  48  3:53  Drone  
  48  3:54  Drone  
  50  4:08  Overlord x2  
  50  4:10  Drone x6  
  50  4:11  Drone  
  57  4:17  Zergling x2  
  57  4:18  Zergling x6  
  57  4:19  Drone  
  57  4:20  Drone  
  62  4:35  Drone x3  
  62  4:37  Lair  
  63  4:39  Extractor  
  63  4:40  Extractor  
  63  4:44  Zergling x2  
  63  4:45  Drone x6  
  67  4:54  Drone x5  
  71  5:00  Spine Crawler  
  71  5:03  Spine Crawler  
  71  5:06  Spore Crawler  
  67  5:07  Spore Crawler  
  67  5:08  Spore Crawler  
  67  5:09  Drone x6, Queen  
  67  5:13  Zergling x4  
  73  5:26  Overlord  
  73  5:27  Evolution Chamber, Zergling x8  
  76  5:33  Zergling x10  
  81  5:44  Zergling x14  
  86  5:57  Overlord, Zergling x2  
  77  5:58  Queen x2, Zergling x16  
  83  6:09  Queen  
  83  6:12  Overlord  
  83  6:13  Drone x6  
  83  6:17  Hydralisk Den  
  88  6:19  Extractor  
  88  6:20  Extractor  
  83  6:34  Queen  
  83  6:35  Drone x6  
  88  6:44  Overlord  
  88  6:45  Zerg Missile Weapons Level 1, Drone x2  
  89  6:55  Overlord, Hydralisk x2, Muscular Augments  
  86  7:02  Queen  
  86  7:06  Overlord  
  86  7:10  Hatchery  
  86  7:11  Hydralisk x3  
  86  7:13  Overseer  
  86  7:14  Hydralisk x2  
  95  7:29  Hydralisk x8  
  111  7:39  Extractor  
  111  7:42  Infestation Pit  
  109  7:45  Hydralisk x7  
  119  7:59  Zergling x6  
  108  8:09  Lurker Den  
  108  8:11  Overlord  
  108  8:13  Drone x8  
  116  8:25  Drone x2  
  118  8:30  Hydralisk  
  118  8:31  Hydralisk x6  
  118  8:34  Overlord  
  132  8:36  Overlord x2  
  132  8:39  Queen  
  134  8:52  Hydralisk, Extractor  
  134  8:53  Hydralisk x4  
  134  8:54  Overlord x2  
  134  8:55  Zergling x6  
  144  8:56  Extractor, Zergling x6  
  148  9:21  Overlord, Hydralisk  
  148  9:22  Hydralisk x3  
  148  9:23  Hatchery  
  148  9:24  Zergling x10  
  159  9:43  Overlord  
  173  9:49  Lurker x5  
Tags
 
Add a new tag
Caveats
  • Supply blocks, unpowered buildings, or Contaminate may cause inaccurate times.
  • Supply counts are checked every 10 seconds.